 Dungeon Crawl Stone Soup version 0.30-a0-743-gbfdf073431 (webtiles) character file.

Game seed: 17834968962128564014

8192 Dittersdorf the Fighter (level 11, -3/72 HPs)
             Began as a Gargoyle Fighter on Feb 7, 2023.
             Was a High Priest of Okawaru.
             Slain by a yak (8 damage)
             ... on level 10 of the Dungeon.
             The game lasted 00:14:29 (9250 turns).

Dittersdorf the Fighter (Gargoyle Fighter)          Turns: 9250, Time: 00:14:29

Health: -3/72      AC: 25    Str: 24    XL:     11   Next: 27%
Magic:  0/11       EV: 12    Int:  9    God:    Okawaru [*****.]
Gold:   572        SH:  7    Dex: 15    Spells: 10/10 levels left

rFire   . . .      SeeInvis .    a - +0 flail (chaos)
rCold   . . .      Faith    .    c - +0 buckler
rNeg    + . .      Spirit   +    y - +0 plate armour
rPois   ∞          Reflect  .    v - +0 helmet
rElec   +          Harm     .    i - +0 cloak {rCorr}
rCorr   +          Rampage  .    (no gloves)
Will    .....                    (no boots) Stlth
                                 m - amulet of guardian spirit
HPRegen 0.32/turn                e - +6 ring of dexterity
MPRegen 0.12/turn                t - +5 ring of evasion

@: no status effects
A: sickness immunity, AC +8, negative energy resistance 1, electricity
resistance, torment resistance 1, petrification resistance
a: Renounce Religion, Heroism, Finesse, Duel


You were on level 10 of the Dungeon.
You worshipped Okawaru.
Okawaru was extremely pleased with you.
You visited 2 branches of the dungeon, and saw 11 of its levels.

You collected 572 gold pieces.

Inventory:

Hand Weapons
 a - a +0 flail of chaos (weapon)
Armour
 c - a +0 buckler (worn)
 i - a +0 cloak of preservation (worn)
 v - a +0 helmet (worn)
 y - a +0 plate armour (worn)
Jewellery
 e - a +6 ring of dexterity (left hand)
 m - an amulet of guardian spirit (around neck)
 p - a ring of positive energy
 q - a ring of protection from fire
 t - a +5 ring of evasion (right hand)
Wands
 j - a wand of acid (7)
 n - a wand of flame (40)
 r - a wand of iceblast (11)
Scrolls
 g - a scroll of teleportation
 h - a scroll of identify
 A - a scroll of enchant weapon {unknown}
Potions
 b - 2 potions of curing
 d - 2 potions of might
 f - 3 potions of brilliance {unknown}
 k - a potion of ambrosia
 l - 2 potions of magic {unknown}
 o - 4 potions of flight {unknown}
 s - a potion of haste
 u - 2 potions of cancellation
 w - 3 potions of heal wounds
 x - 2 potions of resistance {unknown}
 z - 2 potions of mutation
 B - a potion of lignification {unknown}
 C - a potion of berserk rage {unknown}


   Skills:
 + Level 10.0 Fighting
 + Level 8.9 Maces & Flails
 + Level 10.0 Armour
 + Level 10.0 Shields


You had 10 spell levels left.
You didn't know any spells.
Your spell library contained the following spells:

 Spells                   Type           Power      Damage    Failure   Level
 Static Discharge         Conj/Air       0%         2-2/arc   100%        2
 Dazzling Flash           Conj/Hex       0%         N/A       100%        3
 Vhi's Electric Charge    Tloc/Air       0%         N/A       100%        3
 Iskenderun's Mystic Bla  Conj/Tloc      0%         2d3       100%        4
 Arcjolt                  Conj/Air       0%         1d10      100%        5
 Lightning Bolt           Conj/Air       0%         1d11      100%        5
 Starburst                Conj/Fire      0%         6d3       100%        6


Dungeon Overview and Level Annotations

Branches:
Dungeon (10/15)            Temple (1/1) D:4             Orc (0/2) D:10
   Lair: D:8-11

Altars:
Ashenzari
Cheibriados
Dithmenos
Elyvilon
Fedhas
Gozag
Hepliaklqana
Kikubaaqudgha
Makhleb
Nemelex Xobeh
Okawaru
Qazlal
Ru
Sif Muna
Trog
Uskayaw
Vehumet
Wu Jian
Xom
Yredelemnul
Zin
The Shining One

Shops:
D:9 :


Innate Abilities, Weirdness & Mutations

You are immune to sickness and miasma.
Your stone body is resilient. (AC +8)
You are immune to poison.
You resist negative energy. (rN+)
You are resistant to electric shocks. (rElec)
You are resistant to unholy torment.
You are immune to petrification.


Message History

You hit the yak but do no damage.
The yak goes berserk!
The yak is moderately wounded.
The yak gores you but does no damage. You block the yak's attack.
You thump the yak!
The yak suddenly seems more agile.
The yak is severely wounded.
The yak misses you.
You sock the yak!
You feel better.
The yak is severely wounded.
The yak gores you but does no damage. The yak completely misses you.
You miss the yak.
The yak is severely wounded.
The yak barely misses you.
You barely miss the yak.
The yak is severely wounded.
You block the yak's attack. The yak gores you.
* * * LOW HITPOINT WARNING * * *
You hit the yak.
The yak is severely wounded.
You block the yak's attack. The yak gores you.
* * * LOW HITPOINT WARNING * * *
You hit the yak. You freeze the yak.
The yak is severely wounded.
The yak gores you but does no damage.
You hit the yak. You burn the yak.
The yak is almost dead.
The yak closely misses you.
You closely miss the yak.
The yak is almost dead.
The yak gores you but does no damage. You block the yak's attack.
You completely miss the yak.
The yak is almost dead.
The yak gores you!
* * * LOW HITPOINT WARNING * * *
You closely miss the yak.
The yak is almost dead.
The yak closely misses you.
You hit the yak. You burn the yak.
The yak is almost dead.
The yak gores you!
You die...

#...# ###. #...# .....
#...# ...... #...#######
........ #######..........
...(.... #.........#######
........ #.#######.#.....#
........ #.#
#Y#.....#......... #.#
#@#.....#......... #.#
##.#.....#......... #.#
#..#....##......... #.#
#..#....#.......... #.#
#..#....#..........
#.######..#....'..........
#.........#''###..........
##.....................<...
#..........................


You could see a yak (berserk, agile, drained).

Vanquished Creatures
  A two-headed ogre (D:8)
  Maurice (D:9)
  Maggie (D:7)
  An unseen horror (D:10)
  2 kobold demonologists (D:8)
  Grinder (D:4)
  A wyvern (D:6)
  12 yaks
  Eustachio (D:6)
  3 steam dragons
  Menkaure (D:7)
  An acid dragon (D:8)
  A water moccasin (D:8)
  Duvessa (D:7)
  An ice beast (D:6)
  3 orc warriors
  2 sky beasts
  2 black bears
  5 ogres
  A tengu (D:8)
  3 phantoms
  2 kobold brigands (D:8)
  A bullfrog (D:8)
  A necrophage (D:5)
  3 scorpions
  12 killer bees
  Dowan (D:7)
  2 jellies
  7 orc priests
  4 hounds
  2 iguanas
  8 orc wizards
  4 adders
  2 shadow imps (D:8)
  A white imp (D:8)
  4 worms
  3 dart slugs
  19 orcs
  4 endoplasms
  7 giant cockroaches
  3 goblins
  7 hobgoblins
  2 jackals (D:5)
  19 kobolds
  5 quokkas
  8 ball pythons
  8 bats
  2 frilled lizards
  6 rats
192 creatures vanquished.

Notes
Turn   | Place    | Note
-------+----------+-------------------------------------------
     0 | D:1      | Dittersdorf the Gargoyle Fighter began the quest for the
                  | Orb.
     0 | D:1      | Reached XP level 1. HP: 14/14 MP: 1/1
   133 | D:1      | Reached XP level 2. HP: 19/19 MP: 2/2
   756 | D:2      | Reached XP level 3. HP: 24/24 MP: 3/3
  1128 | D:2      | Reached XP level 4. HP: 20/29 MP: 4/4
  1580 | D:3      | Reached XP level 5. HP: 33/33 MP: 5/5
  1584 | D:3      | Found a stormy altar of Qazlal.
  1727 | D:3      | Found a bloodstained altar of Trog.
  1727 | D:3      | Found a burning altar of Makhleb.
  2069 | D:4      | Noticed a black bear
  2082 | D:4      | Killed a black bear
  2083 | D:4      | Reached XP level 6. HP: 31/39 MP: 6/6
  2166 | D:4      | Found a staircase to the Ecumenical Temple.
  2172 | Temple   | Entered the Ecumenical Temple
  2304 | D:4      | Noticed Grinder
  2304 | D:4      | Paralysed by Grinder for 3 turns
  2322 | D:4      | Killed Grinder
  2323 | D:4      | Reached skill level 5 in Fighting
  2323 | D:4      | Reached skill level 5 in Armour
  2323 | D:4      | Reached skill level 5 in Shields
  2323 | D:4      | Reached XP level 7. HP: 40/44 MP: 7/7
  2834 | D:5      | Entered Level 5 of the Dungeon
  3276 | D:5      | Reached XP level 8. HP: 49/51 MP: 8/8
  3299 | D:5      | Found an iron altar of Okawaru.
  3304 | D:5      | Became a worshipper of Warmaster Okawaru
  3450 | D:5      | Reached skill level 5 in Maces & Flails
  3646 | D:5      | Found a hazy altar of Hepliaklqana.
  3838 | D:5      | Found a hide-covered altar of Uskayaw.
  4026 | D:6      | Noticed a wyvern
  4031 | D:6      | Killed a wyvern
  4031 | D:6      | Reached * piety under Okawaru
  4343 | D:6      | Noticed Eustachio
  4356 | D:6      | Killed Eustachio
  4370 | D:6      | Identified the +6 spear "Fotire" {flame, rC+ rCorr Int+2}
  4394 | D:6      | Found a sparkling altar of Nemelex Xobeh.
  4414 | D:6      | Reached XP level 9. HP: 45/56 MP: 6/9
  4783 | D:6      | Found an ornate altar of the Wu Jian Council.
  4783 | D:6      | Found a shimmering altar of Xom.
  4901 | D:7      | Noticed Menkaure
  4911 | D:7      | Reached ** piety under Okawaru
  4916 | D:7      | Killed Menkaure
  5536 | D:7      | Noticed Maggie
  5563 | D:7      | Killed Maggie
  5762 | D:7      | Noticed Duvessa
  5762 | D:7      | Noticed Dowan
  5778 | D:7      | Killed Duvessa
  6087 | D:7      | Killed Dowan
  6396 | D:8      | Reached XP level 10. HP: 43/64 MP: 6/10
  6531 | D:8      | Noticed a two-headed ogre
  6542 | D:8      | Killed a two-headed ogre
  6542 | D:8      | Reached *** piety under Okawaru
  6734 | D:8      | Found a sacrificial altar of Ru.
  7136 | D:9      | Found Ycimog's Book Boutique.
  7346 | D:9      | Noticed a kobold demonologist
  7346 | D:9      | Noticed a kobold demonologist
  7353 | D:9      | Noticed an orange demon
  7400 | D:8      | Killed a kobold demonologist
  7450 | D:8      | Noticed a sun demon
  7454 | D:8      | Killed a kobold demonologist
  7737 | D:9      | Noticed Maurice
  7756 | D:9      | Killed Maurice
  7756 | D:9      | Reached **** piety under Okawaru
  8452 | D:9      | Reached ***** piety under Okawaru
  8526 | D:9      | Reached XP level 11. HP: 71/71 MP: 11/11
  8738 | D:10     | Entered Level 10 of the Dungeon
  9166 | D:10     | Found a staircase to the Orcish Mines.
  9207 | D:10     | Reached skill level 10 in Fighting
  9207 | D:10     | Reached skill level 10 in Shields
  9227 | D:10     | Reached skill level 10 in Armour
  9250 | D:10     | Slain by a yak

Illustrated notes

Levels and vault maps discovered:
D:1:      amcnicky_arrival_single_pillar, layout_basic
D:2:      layout_loops_ring, minmay_misc_feat_ornament
D:3:      layout_basic, mainiacjoe_overflow_catwalk,
          gammafunk_temple_overflow_elements, serial_bayou_pond_a
D:4:      layout_loops_ring, minmay_temple_entry_mini_moons,
          chequers_serial_rivers_micro_b, uniq_grinder
D:5:      layout_basic, nicolae_hepliaklqana_hazy_memory,
          hellmonk_okawaru_the_only_friend_you_need, lemuel_doored_altar
D:6:      layout_rooms, gammafunk_temple_overflow_pools,
          mainiacjoe_overflow_small_starburst, uniq_eustachio
D:7:      layout_cave_pools, kennysheep_generic_room_13, uniq_duvessa,
          uniq_menkaure, uniq_maggie
D:8:      layout_rooms, nicolae_ru_the_path_less_chosen
D:9:      layout_basic, serial_shops, nicolae_diamond_shop, uniq_maurice
D:10:     minmay_slanted_spiral_squares, layout_irregular_city, orc_0_dummy
Temple:   nicolae_temple_ecumenical_triangle

Skill      XL: |  1  2  3  4  5  6  7  8  9 10 11 |
---------------+----------------------------------+-----
Fighting       | 4 5 6 8 9 10 | 10.0
Armour         | 4 5 6 8 9 10 | 10.0
Maces & Flails | 3 4 5 7 8 |  8.9
Shields        | 4 5 6 8 9 10 | 10.0

Action                     |  1- 3 |  4- 6 |  7- 9 | 10-12 || total
---------------------------+-------+-------+-------+-------++-------
  Melee: Flail             |    78 |   148 |   413 |   419 ||  1058
 Invoke: Heroism           |       |       |     2 |     2 ||     4
    Use: Scroll            |       |    10 |     7 |     1 ||    18
   Stab: Paralysed         |       |       |       |     2 ||     2
         Petrified         |       |       |       |     4 ||     4
 Armour: Scale mail        |    43 |    46 |       |       ||    89
         Chain mail        |       |    38 |   300 |   117 ||   455
         Plate armour      |       |       |       |   192 ||   192
         Skin              |       |       |       |     3 ||     3
  Dodge: Dodged            |    28 |    52 |   134 |   304 ||   518
  Block: Buckler           |    35 |    87 |   150 |   168 ||   440
         Reflection        |     1 |     3 |       |       ||     4

Table legend: (Time is in decaauts)
 A = Elapsed time spent in this place.
 B = Non-inter-level travel time spent in this place.
 C = Inter-level travel time spent in this place.
 D = Time resting spent in this place.
 E = Time spent auto-exploring this place.
 F = Levels seen in this place.
 G = Mean time per level.
                   A        B        C        D        E       F      G
               +--------+--------+--------+--------+--------+-----+--------+
         Total |   9398 |   9156 |    242 |   2056 |   4728 |  11 |  854.4 |
       Dungeon |   9354 |   9112 |    242 |   2056 |   4728 |  10 |  935.4 |
        Temple |     43 |     43 |      0 |      0 |      0 |   1 |   43.0 |
               +--------+--------+--------+--------+--------+-----+--------+

Top non-repeatable levels by time:
     D:8: 1647 daAuts
     D:5: 1294 daAuts
     D:9: 1242 daAuts
     D:6: 1143 daAuts
     D:4: 765 daAuts
     D:7: 750 daAuts
     D:2: 705 daAuts
     D:3: 702 daAuts
     D:1: 690 daAuts
    D:10: 413 daAuts
  Temple: 43 daAuts
